 Dungeon Crawl Stone Soup version 0.32-a0-772-g33df237 (webtiles) character file.

Game seed: 15650339107639331011

1928313 Wizard1ke the Iron Golem (level 26, 221/221 (225) HPs)
             Began as a Coglin Monk on Mar 18, 2024.
             Was an Elder of Okawaru.
             Escaped with the Orb
             ... and 3 runes on Mar 19, 2024!
             The game lasted 01:43:55 (50287 turns).

Wizard1ke the Iron Golem (Coglin Monk)             Turns: 50287, Time: 01:43:55

HP:   221/221 (225) AC: 43    Str: 13    XL:     26   Next: 27%
MP:   33/33         EV:  8    Int: 13    God:    Okawaru [****..]
Gold: 5097          SH:  0    Dex: 30    Spells: 19/25 levels left

rFire   + + .        t - +6 demon blade of the Saviour {elec, rPois Dex+3}
rCold   + + .        N - +4 double sword (venom) {Iseul}
rNeg    . . .        P - +8 gold dragon scales
rPois   +            T - +1 hat {Will+}
rElec   +            g - scarf {rC+ rF+}
rCorr   +            f - +0 pair of gloves of the gadgeteer {Gadgeteer Wandboost ^Fragile}
SInv    .            y - +1 pair of boots of the Damp God {+Inv rCorr Dex+3}
Will    +++..        (amulet unavailable) Stlth
                     (ring unavailable)
HPRegen 1.36/turn    (ring unavailable)
MPRegen 0.63/turn    X
                       - NW-10 gyrogenerator {rElec Will+ Regen+ RegenMP+}

%: random rage (3%)
@: lightly drained
A: off-hand wielding, slow wielding, warmup strikes, no jewellery, iridescent
scales 1, berserk 1, clever 1, clumsy 1, deterioration 1, passive freeze,
inability to drink after injury 1, devolution 1
0: Orb of Zot
}: 3/15 runes: decaying, silver, gossamer
a: Renounce Religion, Evoke Invisibility, Heroism, Finesse


You escaped.
You worshipped Okawaru.
Okawaru was greatly pleased with you.
You visited 8 branches of the dungeon, and saw 43 of its levels.
You also visited: Bailey.

You collected 6307 gold pieces.
You spent 1210 gold pieces at shops.

Inventory:

Hand Weapons
 t - the +6 demon blade of the Saviour (weapon) {elec, rPois Dex+3}
   (Okawaru gifted it to you on level 9 of the Dungeon)

   Dex+3:     It affects your dexterity (+3).
   rPois:     It protects you from poison.
 N - a +4 double sword of venom (offhand) {Iseul}
Missiles
 e - 6 throwing nets
 Q - 37 boomerangs (quivered)
 V - 14 silver javelins
 Y - 9 javelins
Armour
 f - the +0 pair of gloves of the gadgeteer (worn) {Gadgeteer Wandboost ^Fragile}
   (You found it on level 1 of the Depths)

   Gadgeteer: Your evocable items recharge 30% faster and wands have a 30%
   chance to not spend a charge.
   Wandboost: Your wands are more powerful.
   ^Fragile:  It will be destroyed if unequipped.
 g - a scarf of resistance (worn)
 q - the +10 chain mail of the Kangaroo {rElec rF+ Regen+ Dex+3}
   (You took it off a hell knight on level 1 of the Vaults)

   Dex+3:     It affects your dexterity (+3).
   rF+:       It protects you from fire.
   rElec:     It insulates you from electricity.
   Regen+:    It increases your rate of health regeneration.
 y - the +1 pair of boots of the Damp God (worn) {+Inv rCorr Dex+3}
   (You found it on level 1 of the Realm of Zot)

   Dex+3:     It affects your dexterity (+3).
   +Inv:      It lets you turn invisible.
   rCorr:     It protects you from acid and corrosion.
 P - +8 gold dragon scales (worn)
 T - a +1 hat of willpower (worn)
Gizmo
 X - a NW-10 gyrogenerator (installed) {rElec Will+ Regen+ RegenMP+}
   (You invented it yourself on level 5 of the Lair of Beasts)

   [NW-10 gyrogenerator]

   rElec:     It insulates you from electricity.
   Will+:     It increases your willpower.
   Regen+:    It increases your rate of health regeneration.
   RegenMP+:  It increases your rate of magic regeneration.
Wands
 a - a wand of warping (43)
 w - a wand of paralysis (54)
 x - a wand of flame (126)
 I - a wand of digging (32)
 L - a wand of polymorph (31)
 U - a wand of mindburst (51)
 W - a wand of quicksilver (10)
Scrolls
 d - 3 scrolls of revelation
 i - 2 scrolls of torment
 k - 11 scrolls of teleportation
 l - 6 scrolls of noise
 m - a scroll of blinking
 p - a scroll of brand weapon
 r - 7 scrolls of identify
 v - a scroll of poison
 E - 8 scrolls of vulnerability
 M - 7 scrolls of immolation
 R - 3 scrolls of amnesia
 Z - 3 scrolls of fog
Potions
 b - 4 potions of might
 c - 2 potions of ambrosia
 h - 2 potions of resistance
 j - 4 potions of magic
 n - 6 potions of brilliance
 o - 11 potions of curing
 u - 6 potions of lignification
 z - 5 potions of haste
 A - a potion of heal wounds
 B - 4 potions of degeneration
 C - 3 potions of berserk rage {!q}
 D - 10 potions of enlightenment
 F - 3 potions of invisibility
 H - 3 potions of cancellation
 K - 5 potions of attraction
Miscellaneous
 O - a lightning rod (4/4)
 S - a condenser vane


   Skills:
 + Level 22.2 Fighting
 - Level 16.6 Long Blades
 - Level 12.0 Throwing
 O Level 27 Armour
 - Level 10.0 Dodging
 - Level 14.0 Invocations
 - Level 15.0 Evocations


You had 19 spell levels left.
You knew the following spells:

 Your Spells              Type           Power      Damage    Failure   Level
a - Blink                 Tloc           0%         N/A       100%        2
b - Vhi's Electric Charg  Tloc/Air       0%         N/A       100%        4

Your spell library contained the following spells:

 Spells                   Type           Power      Damage    Failure   Level
 Apportation              Tloc           0%         N/A       100%        1
 Foxfire                  Conj/Fire      0%         2x1d4     100%        1
 Kiss of Death            Conj/Necr      0%         2d5       100%        1
 Magic Dart               Conj           0%         1d3       100%        1
 Necrotise                Necr           0%         1d4       100%        1
 Shock                    Conj/Air       0%         1d3       100%        1
 Cigotuvi's Dreadful Rot  Necr/Alch/Air  0%         N/A       100%        2
 Ensorcelled Hibernation  Hex/Ice        0%         N/A       100%        2
 Jinxbite                 Hex            0%         N/A       100%        2
 Lesser Beckoning         Tloc           0%         N/A       100%        2
 Momentum Strike          Conj/Tloc      0%         3d8       100%        2
 Scorch                   Fire           0%         2d5       100%        2
 Searing Ray              Conj           0%         2d4       100%        2
 Static Discharge         Conj/Air       0%         3-3/arc   100%        2
 Sublimation of Blood     Necr           0%         N/A       100%        2
 Confusing Touch          Hex            0%         N/A       100%        3
 Fugue of the Fallen      Necr           0%         N/A       100%        3
 Gell's Gravitas          Tloc           0%         N/A       100%        3
 Inner Flame              Hex/Fire       0%         N/A       100%        3
 Mephitic Cloud           Conj/Alch/Air  0%         N/A       100%        3
 Passwall                 Erth           0%         N/A       100%        3
 Stone Arrow              Conj/Erth      0%         3d7       100%        3
 Swiftness                Air            0%         N/A       100%        3
 Vampiric Draining        Necr           0%         2d6       100%        3
 Volatile Blastmotes      Fire/Tloc      0%         2d10      100%        3
 Airstrike                Air            0%         2d(0-16)  100%        4
 Anguish                  Hex/Necr       0%         N/A       100%        4
 Cause Fear               Hex            0%         N/A       100%        4
 Dispel Undead            Necr           0%         3d6       100%        4
 Flame Wave               Conj/Fire      0%         2d4       100%        4
 Fulminant Prism          Conj/Alch      0%         3d5       100%        4
 Ignite Poison            Fire/Alch      0%         N/A       100%        4
 Sticky Flame             Fire/Alch      0%         2d4       100%        4
 Alistair's Intoxication  Alch           0%         N/A       100%        5
 Arcjolt                  Conj/Air       0%         1d10      100%        5
 Borgnjor's Vile Clutch   Necr/Erth      0%         N/A       100%        5
 Curse of Agony           Necr           0%         N/A       100%        5
 Fireball                 Conj/Fire      0%         3d3       100%        5
 Irradiate                Conj/Alch      0%         3d11      100%        5
 Conjure Ball Lightning   Conj/Air       0%         3x3d6     100%        6
 Eringya's Noxious Bog    Alch           0%         4d6       100%        6
 Plasma Beam              Fire/Air       0%         2x1d10    100%        6
 Starburst                Conj/Fire      0%         6d3       100%        6
 Orb of Destruction       Conj           0%         9d5       100%        7
 Ozocubu's Refrigeration  Ice            0%         4d7       100%        7
 Discord                  Hex            0%         N/A       100%        8
 Disjunction              Tloc           0%         N/A       100%        8
 Ignition                 Fire           0%         3d3       100%        8
 Lehudib's Crystal Spear  Conj/Erth      0%         10d2      100%        8
 Polar Vortex             Ice            0%         N/A       100%        9
 Animate Armour           Summ/Erth      Unusable   N/A       N/A         4
 Animate Dead             Necr           Unusable   N/A       N/A         4
 Martyr's Knell           Necr/Summ      Unusable   N/A       N/A         4
 Summon Blazeheart Golem  Fire/Summ      Unusable   N/A       N/A         4
 Summon Lightning Spire   Summ/Air       Unusable   N/A       N/A         4
 Summon Forest            Summ/Tloc      Unusable   N/A       N/A         5
 Death Channel            Necr           Unusable   N/A       N/A         6
 Sculpt Simulacrum        Ice/Alch       Unusable   N/A       N/A         6
 Summon Cactus Giant      Summ           Unusable   N/A       N/A         6
 Spellforged Servitor     Conj/Summ      Unusable   N/A       N/A         7
 Summon Hydra             Summ           Unusable   N/A       N/A         7
 Summon Horrible Things   Summ           Unusable   N/A       N/A         8
 Dragon's Call            Summ           Unusable   N/A       N/A         9

Dungeon Overview and Level Annotations

Branches:
Dungeon (15/15)            Temple (1/1) D:5            Lair (5/5) D:9
  Swamp (4/4) Lair:3       Spider (4/4) Lair:3        Slime (0/5) Lair:5
    Orc (0/2) D:10         Vaults (5/5) D:13          Crypt (0/3) Vaults:2
 Depths (4/4) D:15            Zot (5/5) Depths:4     Bailey (visited)

Altars:
Ashenzari
Cheibriados
Dithmenos
Elyvilon
Fedhas
Gozag
Hepliaklqana
Kikubaaqudgha
Makhleb
Nemelex Xobeh
Okawaru
Qazlal
Ru
Sif Muna
Trog
Uskayaw
Vehumet
Wu Jian
Xom
Yredelemnul
Zin
The Shining One
Beogh
Jiyva
Lugonu

Shops:
D:3 !   D:4 (=*(   D:5 =   D:9 (   D:12 *   Vaults:1 (   Vaults:2 (
Vaults:3 *   Depths:4 :==

Portals:
Hell: Depths:1 Depths:2 Depths:3 Depths:4
Abyss: Depths:2 Depths:3
Pandemonium: Depths:2
Ziggurat: Depths:1

Annotations:
D:5 2 transporters
Lair:3 exclusion: oklob plant
Lair:5 exclusion: 2 oklob plants
Swamp:2 2 transporters, Ufrec's ghost, adept MDFi
Vaults:5 !vaults warning
Zot:2 2 transporters, 3 runed translucent doors, exclusion: 3 doors, Wizard1ke's ghost, master CoGl
Zot:5 1 exclusion


Innate Abilities, Weirdness & Mutations

You can wield a second weapon in your off-hand.
It takes a long time for you to wield or remove held weapons.
Your first few attacks do less damage.
You cannot equip rings or amulets.
You are partially covered in iridescent scales. (AC +2)
You sometimes lose your temper in combat.
Your mind is acute. (Int +4, Str/Dex -1)
You are clumsy. (Dex -2)
Your body sometimes deteriorates upon taking damage.
A frigid envelope surrounds you and freezes all who hurt you.
You occasionally lose the ability to drink potions when taking damage.
You have hidden genetic defects.


Message History

The hell beast is poisoned.
The hell beast is lightly wounded.
You slice the hell beast with the +6 demon blade of the Saviour!!
Lightning courses through the hell beast!
The hell beast bites you but does no damage.
The hell beast is very cold.
The hell beast is severely wounded.
The hell beast tramples you but does no damage.
The hell beast is very cold.
The hell beast is severely wounded.
You slice the hell beast with the +6 demon blade of the Saviour!!
You kill the hell beast!
Okawaru accepts your kill.
No target in view!
(D) Dungeon (T) Temple (L) Lair (S) Swamp (N) Spider Nest (M) Slime Pits (O) Orcish Mines (V) Vaults (C) Crypt (U) Depths (H) Hell (Z) Zot
Where to? (Tab/Enter - D:1 @ (x,y), ? - help) HP restored.
You climb upwards.
There is a stone staircase leading down here.
You see here a +0 buckler.
Things that are here:
a +0 dagger; a goblin skeleton
There is a stone staircase leading up here.
You climb upwards.
A blizzard demon comes into view.
There is a stone staircase leading down here.
There is a stone staircase leading up here.
You climb upwards.
There is a stone staircase leading down here.
(D) Dungeon (T) Temple (L) Lair (S) Swamp (N) Spider Nest (M) Slime Pits (O) Orcish Mines (V) Vaults (C) Crypt (U) Depths (H) Hell (Z) Zot
Where to? (Tab/Enter - D:1 @ (x,y), ? - help)
There is an escape hatch in the ceiling here.
A mysterious force pulls you upwards. The hatch slams shut behind you.
There is an open door here.
There is a staircase leading out of the dungeon here.
You have escaped!

........#........................
..............#####..............
..#####......##≈≈≈##..####..##.#.
......÷.....##≈≈P~≈##..........#.
..###......##~~~.~~≈##...........
...........#≈~P.ß.P~≈#...........
...........#≈~.....~≈#...........
...........ß~.......~ß...........
...........+.Pß.@.ßP.'...........
#..........ß~.......~ß...........
#....÷.....#≈~.....~≈#...........
......#....#≈~P.ß.P≈≈#...........
....#.#....##≈~~.~≈≈##...........
..#.#.#.....##≈≈P≈≈##............
+##..........##~≈≈##..####....#..
..............#####...####.......
............................#....


There were no monsters in sight!

Vanquished Creatures
  Frederick (Vaults:4)
  A dread lich (Zot:5)
  An ancient lich (Vaults:5)
  9 orbs of fire
  Mara (Depths:1)
  A juggernaut (Depths:2)
  Josephina (Depths:3)
  Parghit (Zot:4)
  the Lernaean hydra (Swamp:4)
  4 caustic shrikes
  4 Killer Klowns
  A curse toe (Zot:2)
  Saint Roka (Vaults:4)
  18 golden dragons
  Nikola (Depths:1)
  A profane servitor (D:8)
  Arachne (Spider:3)
  5 electric golems
  20 tentacled monstrosities
  3 liches
  Rupert (Lair:4)
  A walking earthen tome (Depths:4)
  8 quicksilver dragons
  26 Orb Guardians
  2 walking frostbound tomes
  4 titans
  2 walking divine tomes (Depths:3)
  Gastronok (Lair:1)
  4 sphinxes
  6 death cobs
  9 tengu reavers
  10 shadow dragons
  3 draconian monks
  5 storm dragons
  11 fire giants
  A fenstrider witch (Swamp:4)
  26 vault wardens
  2 draconian knights (Zot:4)
  A demonspawn warmonger (D:8)
  2 draconian scorchers
  7 frost giants
  2 balrugs
  6 draconian shifters
  5 ghost moths
  2 iron dragons
  9 emperor scorpions
  A deep elf sorcerer (Vaults:3)
  2 reapers (Depths:2)
  2 draconian stormcallers
  3 orc warlords
  2 formless jellyfish (Vaults:2)
  11 draconian annihilators
  19 stone giants
  A demonspawn blood saint (D:8)
  A spriggan defender (Depths:1)
  30 ironbound preservers
  7 very ugly things
  13 green draconians
  3 deep elf death magi
  6 ironbound thunderhulks
  3 vampire knights
  2 eleionomae
  A demonspawn black sun (D:8)
  11 yellow draconians
  8 dire elephants (Vaults:2)
  A war gargoyle (Vaults:4)
  11 purple draconians
  A lorocyproca (D:8)
  8 bunyips
  5 red draconians
  3 black draconians
  7 white draconians
  3 spark wasps
  A blizzard demon (D:8)
  2 jiangshi (Depths:2)
  10 ettins
  7 fire dragons
  A crystal guardian (Vaults:2)
  A merfolk impaler (Depths:3)
  15 yaktaur captains
  2 deep elf high priests
  2 entropy weavers (Spider:3)
  9 ice dragons
  4 shambling mangroves
  Harold (D:9)
  38 vault guards
  2 rakshasas
  A jorogumo (Spider:2)
  3 peacekeepers
  3 great orbs of eyes
  4 alligators
  7 ironbound frosthearts
  3 ogre magi (Vaults:5)
  4 ghost crabs
  A hell beast (D:5)
  22 hydras
  A radroach (Spider:3)
  A juggernaut simulacrum (Depths:3)
  4 catoblepae
  7 two-headed ogres
  13 centaur warriors
  A dancing weapon (Vaults:5)
  A tengu warrior (Depths:1)
  8 deep troll shamans
  4 spriggan air magi
  9 boulder beetles
  The ghost of Ozzieoiler the Covert, a journeyman OpEn of Vehumet (D:11)
  6 death yaks
  11 demonic crawlers
  6 sun demons
  A vampire mage (Depths:2)
  16 deep troll earth magi
  2 spriggan berserkers
  8 hell knights
  An orc high priest (Vaults:4)
  10 iron trolls
  3 spriggans
  3 skysharks
  4 pharaoh ants
  7 goliath frogs
  7 orb spiders
  2 sixfirhies (Depths:2)
  A death drake (Depths:2)
  5 glowing orange brains
  3 spriggan druids
  85 deep trolls
  3 flayed ghosts
  4 skeletal warriors
  11 swamp dragons
  A sea snake (shapeshifter) (Vaults:5)
  3 bog bodies
  A sun moth (Spider:4)
  4 necromancers
  9 steelbarb worms
  9 arcanists
  10 ironbound convokers
  8 large abominations (Depths:3)
  4 lindwurms
  An obsidian statue (Zot:5)
  19 orc knights
  6 phantasmal warriors (Vaults:5)
  A sphinx simulacrum (Depths:3)
  A faun (shapeshifter) (Vaults:5)
  3 deep elf zephyrmancers (D:13)
  29 wolf spiders
  2 cyclopes (D:15)
  4 deep elf pyromancers
  10 elephants
  4 will-o-the-wisps
  14 moths of wrath
  36 ugly things
  2 manticores
  3 meliai (Spider:2)
  16 slime creatures
  A gargoyle (D:13)
  6 black mambas
  A titan simulacrum (Depths:3)
  23 vault sentinels
  9 cane toads
  A smoke demon (Depths:1)
  7 torpor snails
  6 unseen horrors
  4 rime drakes
  A komodo dragon (shapeshifter) (Vaults:5)
  An efreet (D:15)
  A freezing wraith (Vaults:5)
  A yaktaur (shapeshifter) (Vaults:5)
  57 yaktaurs
  2 rime drakes (shapeshifter)
  8 komodo dragons
  A golden dragon simulacrum (Depths:3)
  2 tengu conjurers
  5 polar bears
  A red devil (Zot:1)
  9 trolls
  7 hornets
  9 tyrant leeches
  Prince Ribbit (Bailey)
  6 dream sheep (Lair:5)
  19 tarantellas
  18 blink frogs
  A glass eye (Depths:1)
  A glass eye (shapeshifter) (D:14)
  A shadow (D:11)
  A vampire (D:11)
  A culicivora (shapeshifter) (Vaults:5)
  5 water elementals
  20 culicivoras
  4 small abominations
  30 yaks
  18 jumping spiders
  2 wyverns (D:9)
  5 humans (Bailey)
  49 redbacks
  3 basilisks
  14 vampire mosquitoes
  A chaos spawn (Depths:3)
  Edmund (D:6)
  17 swamp worms
  15 water moccasins
  3 acid dragons
  10 swamp drakes
  4 black bears
  14 orc warriors
  15 centaurs
  6 boggarts
  3 ogres
  22 wolves
  26 bullfrogs
  A gnoll sergeant (D:8)
  2 scorpions
  4 wights (D:10)
  A killer bee (shapeshifter) (D:15)
  5 howler monkeys
  2 electric eels (Lair:3)
  2 bombardier beetles
  2 hounds
  A jelly (D:7)
  10 orc priests
  2 gnoll boudas
  2 iguanas (D:6)
  4 orc wizards
  21 gnolls
  6 adders
  A white imp (D:7)
  4 ufetubi
  2 dart slugs
  A ribbon worm (D:3)
  41 orcs
  8 ball pythons
  6 endoplasms
  4 giant cockroaches
  7 goblins
  9 hobgoblins
  A quokka (D:4)
  4 bats
  6 frilled lizards
  2 kobolds
  4 rats
1653 creatures vanquished.

Vanquished Creatures (others)
  A fire giant (Vaults:5)
  An ogre mage (Vaults:5)
  A necromancer (Depths:2)
  A bloated husk (Swamp:2)
  An ogre (Vaults:5)
  18 foxfires
23 creatures vanquished.

Grand Total: 1676 creatures vanquished

Notes
Turn   | Place    | Note
-------+----------+-------------------------------------------
     0 | D:1      | Wizard1ke the Coglin Monk began the quest for the Orb.
     0 | D:1      | Reached XP level 1. HP: 18/18 MP: 1/1
    96 | D:1      | Reached XP level 2. HP: 24/24 MP: 2/2
   446 | D:1      | Reached XP level 3. HP: 17/30 MP: 3/3
   835 | D:1      | Reached XP level 4. HP: 28/38 MP: 4/4
  1156 | D:2      | Reached skill level 5 in Fighting
  1337 | D:3      | Found a sacrificial altar of Ru.
  1352 | D:3      | Found a burning altar of Makhleb.
  1357 | D:3      | Found a hide-covered altar of Uskayaw.
  1366 | D:3      | Found a bloodstained altar of Trog.
  1497 | D:3      | Found Jedehoy's Distillery.
  1511 | D:3      | Bought a potion of curing for 39 gold pieces
  1511 | D:3      | Bought a potion of lignification for 39 gold pieces
  1684 | D:4      | Reached XP level 5. HP: 44/44 MP: 5/5
  1695 | D:4      | Found Effam's Antique Weapon Emporium.
  1745 | D:4      | Found Erashat's Distillery.
  1747 | D:4      | Found Kill's Jewellery Emporium.
  1756 | D:4      | Bought a potion of heal wounds for 50 gold pieces
  1920 | D:4      | Found Finkeom's Weapon Boutique.
  1991 | D:4      | Reached XP level 6. HP: 35/52 MP: 6/6
  2306 | D:4      | Found Ebeezuupt's Assorted Antiques.
  2452 | D:4      | Found a glowing golden altar of the Shining One.
  2557 | D:5      | Entered Level 5 of the Dungeon
  2581 | D:5      | Found a staircase to the Ecumenical Temple.
  2590 | Temple   | Entered the Ecumenical Temple
  2611 | Temple   | Became a worshipper of Warmaster Okawaru
  2611 | Temple   | Reached * piety under Okawaru
  2611 | Temple   | Reached ** piety under Okawaru
  2640 | D:5      | Reached skill level 5 in Long Blades
  2640 | D:5      | Reached XP level 7. HP: 49/59 MP: 7/7
  2685 | D:5      | Found a transporter.
  2734 | D:5      | Found a transporter.
  2826 | D:5      | Found Yhia's Jewellery Shop.
  3035 | D:5      | Identified the orb "Wukkank" {mayhem, rPois rF- rC- Slay+5}
  3102 | D:5      | Reached skill level 1 in Invocations
  3758 | D:6      | Noticed Edmund
  3863 | D:6      | Killed Edmund
  3864 | D:6      | Reached XP level 8. HP: 67/67 MP: 9/9
  4504 | D:7      | Reached *** piety under Okawaru
  5248 | D:8      | Reached XP level 9. HP: 72/75 MP: 11/11
  5336 | D:8      | Reached **** piety under Okawaru
  6434 | D:9      | Noticed Harold
  6439 | D:9      | Noticed a troll
  6514 | D:9      | Noticed a troll
  6517 | D:9      | Killed a troll
  6518 | D:9      | Reached skill level 5 in Invocations
  6863 | D:9      | Found a flagged portal.
  6879 | Bailey   | Entered a bailey
  7038 | Bailey   | Reached XP level 10. HP: 81/85 MP: 13/13
  7055 | Bailey   | Reached skill level 10 in Fighting
  7060 | Bailey   | Reached ***** piety under Okawaru
  7103 | Bailey   | Noticed Prince Ribbit
  7113 | Bailey   | Killed Prince Ribbit
  7161 | Bailey   | Noticed a vault guard
  7161 | Bailey   | Noticed a vault guard
  7172 | Bailey   | Killed a vault guard
  7173 | Bailey   | Reached skill level 10 in Long Blades
  7179 | Bailey   | Killed a vault guard
  7180 | Bailey   | Reached skill level 5 in Evocations
  7505 | D:9      | Killed Harold
  7506 | D:9      | Reached XP level 11. HP: 54/92 MP: 8/14
  7664 | D:9      | Found Hubliq's Antique Weapon Emporium.
  7884 | D:9      | Reached skill level 1 in Armour
  8039 | D:9      | Found a staircase to the Lair.
  8124 | D:9      | Reached skill level 2 in Armour
  8130 | D:9      | Reached ****** piety under Okawaru
  8131 | D:9      | Acquired the +6 demon blade of the Saviour {elec, rPois
                  | Dex+3}
  8131 | D:9      | Received a gift from Okawaru
  8257 | D:9      | Reached skill level 5 in Dodging
  8448 | D:10     | Entered Level 10 of the Dungeon
  8510 | D:10     | Found a blossoming altar of Fedhas.
  8512 | D:10     | Found an ornate altar of the Wu Jian Council.
  8616 | D:10     | Received a gift from Okawaru
  8916 | D:10     | Found a staircase to the Orcish Mines.
  8925 | D:10     | Found a roughly hewn altar of Beogh.
  9135 | D:10     | Noticed a two-headed ogre
  9140 | D:10     | Killed a two-headed ogre
  9141 | D:10     | Reached skill level 3 in Armour
  9231 | D:10     | Found a shimmering altar of Xom.
  9505 | D:11     | Noticed a two-headed ogre
  9509 | D:11     | Killed a two-headed ogre
  9924 | D:11     | Noticed a deep troll
  9925 | D:11     | Found a runed translucent gate.
  9925 | D:11     | Noticed Ozzieoiler's ghost (journeyman OpEn)
  9925 | D:11     | Noticed a two-headed ogre
  9926 | D:11     | Found a runed translucent gate.
  9926 | D:11     | Found a runed translucent gate.
  9934 | D:11     | Killed a two-headed ogre
  9943 | D:11     | Killed Ozzieoiler's ghost
  9944 | D:11     | Reached skill level 4 in Armour
  9944 | D:11     | Reached XP level 12. HP: 84/100 MP: 13/15
 10262 | D:11     | Received a gift from Okawaru
 10426 | D:11     | Found a shimmering blue altar of Sif Muna.
 10499 | Lair:1   | Entered Level 1 of the Lair of Beasts
 10512 | Lair:1   | Noticed Gastronok
 10525 | Lair:1   | Killed Gastronok
 10564 | Lair:1   | Reached skill level 5 in Armour
 11525 | Lair:2   | Found an ornate altar of the Wu Jian Council.
 11657 | Lair:2   | Received a gift from Okawaru
 11827 | Lair:2   | Noticed a catoblepas
 11841 | Lair:2   | Killed a catoblepas
 11848 | Lair:2   | Reached skill level 6 in Armour
 11880 | Lair:2   | Identified the +2 chain mail "Sipaw" {rN+ Dex+3}
 12006 | Lair:2   | Reached XP level 13. HP: 106/109 MP: 16/16
 12033 | Lair:2   | Received a gift from Okawaru
 12490 | Lair:3   | Identified the +3 leather armour of Dawn {^Drain rElec
                  | rN++}
 12776 | Lair:3   | Found a blossoming altar of Fedhas.
 12988 | Lair:3   | Found a hole to the Spider Nest.
 12996 | Lair:3   | Reached skill level 7 in Armour
 13187 | Lair:3   | Found a staircase to the Swamp.
 13758 | Lair:4   | Noticed Rupert
 13772 | Lair:4   | Killed Rupert
 14262 | Lair:5   | Entered Level 5 of the Lair of Beasts
 14308 | Lair:5   | Received a gift from Okawaru
 14629 | Lair:5   | Learned a level 2 spell: Blink
 14838 | Lair:5   | Found a staircase to the Slime Pits.
 14838 | Lair:5   | Found a viscous altar of Jiyva.
 14871 | Lair:5   | Reached skill level 8 in Armour
 14872 | Lair:5   | Received a gift from Okawaru
 14878 | Lair:5   | Reached XP level 14. HP: 58/119 MP: 17/17
 14878 | Lair:5   | Acquired a NW-10 gyrogenerator {rElec Will+ Regen+
                  | RegenMP+}
 15370 | Lair:5   | Received a gift from Okawaru
 15567 | Lair:5   | Reached skill level 10 in Dodging
 15622 | Lair:5   | Found the +10 morningstar "Eos" {elec, Halo rElec}
 16155 | D:11     | Received a gift from Okawaru
 16335 | D:12     | Got the Precepts of Shocking Profane Mysteries
 16339 | D:12     | Found a basalt altar of Yredelemnul.
 16597 | D:12     | Found Risch's Assorted Antiques.
 16604 | D:12     | Bought a scroll labelled GENENE OBRYBB for 21 gold pieces
 16604 | D:12     | Bought a scroll labelled IJOOMI EQAQ for 21 gold pieces
 16604 | D:12     | Bought a scroll labelled IJOOMI EQAQ for 21 gold pieces
 16604 | D:12     | Bought a potion of heal wounds for 105 gold pieces
 16604 | D:12     | Bought a scroll of teleportation for 63 gold pieces
 16604 | D:12     | Bought a scroll of teleportation for 63 gold pieces
 17123 | D:13     | You fall into a shaft and drop 1 floor!
 17134 | D:14     | Reached skill level 15 in Fighting
 17134 | D:14     | Reached skill level 15 in Long Blades
 17313 | D:13     | Reached XP level 15. HP: 121/129 MP: 18/18
 17427 | D:13     | Found a gate to the Vaults.
 17447 | D:13     | Received a gift from Okawaru
 18522 | D:15     | Entered Level 15 of the Dungeon
 18750 | D:15     | Received a gift from Okawaru
 18959 | D:15     | Reached skill level 9 in Armour
 19074 | D:15     | Found a staircase to the Depths.
 19425 | Swamp:1  | Entered Level 1 of the Swamp
 19494 | Swamp:1  | Identified the +1 leather armour of Qazlal's Hatred {rF+
                  | rCorr}
 19537 | Swamp:1  | Received a gift from Okawaru
 19793 | Swamp:1  | Identified the staff "Nockiluc" {rPois rF+ rC+ Stlth+ Summ
                  | Fire}
 20078 | Swamp:2  | Received a gift from Okawaru
 20149 | Swamp:2  | Reached XP level 16. HP: 138/138 MP: 21/21
 20519 | Swamp:2  | Found a transporter.
 20609 | Swamp:2  | Noticed Ufrec's ghost (adept MDFi)
 20672 | Swamp:2  | Found a transporter.
 21187 | Swamp:3  | Identified the +0 leather armour "Caziwec" {Rampage rC-
                  | Dex+3}
 21246 | Swamp:3  | Received a gift from Okawaru
 21493 | Swamp:4  | Entered Level 4 of the Swamp
 21498 | Swamp:4  | Noticed a fenstrider witch
 21507 | Swamp:4  | Killed a fenstrider witch
 21508 | Swamp:4  | Reached skill level 10 in Armour
 21624 | Swamp:4  | Reached skill level 10 in Evocations
 21888 | Swamp:4  | HP: 6/138 [swamp dragon (2)]
 22020 | Swamp:4  | Noticed the 27-headed Lernaean hydra
 22028 | Swamp:4  | Killed the 27-headed Lernaean hydra
 22238 | Swamp:4  | Received a gift from Okawaru
 22286 | Swamp:4  | Got a decaying rune of Zot
 22539 | Swamp:4  | Reached XP level 17. HP: 145/145 MP: 23/23
 22900 | Spider:1 | Entered Level 1 of the Spider Nest
 22935 | Spider:1 | Reached skill level 1 in Throwing
 23321 | Spider:1 | Received a gift from Okawaru
 23338 | Spider:1 | Reached skill level 5 in Throwing
 24543 | Spider:1 | Received a gift from Okawaru
 24825 | Spider:2 | Identified a scroll of acquirement
 24939 | Spider:2 | Paralysed by a jorogumo for 3 turns
 25806 | Spider:3 | Noticed Arachne
 25820 | Spider:3 | Killed Arachne
 26025 | Spider:3 | Reached skill level 10 in Throwing
 26251 | Spider:4 | Entered Level 4 of the Spider Nest
 26302 | Spider:4 | Received a gift from Okawaru
 26644 | Spider:4 | Reached XP level 18. HP: 70/153 MP: 24/24
 27216 | Spider:4 | Got a gossamer rune of Zot
 27490 | Spider:4 | Identified the +7 dagger of False Accusations {flame, rCorr
                  | Str+4}
 27903 | Vaults:1 | Entered Level 1 of the Vaults
 27913 | Vaults:1 | Received a gift from Okawaru
 27919 | Vaults:1 | Learned a level 4 spell: Vhi's Electric Charge
 27926 | Vaults:1 | Found Ynudunoq's Weapon Boutique.
 28015 | Vaults:1 | Identified the +1 plate armour "Goemopnahust" {rElec rPois
                  | rF- Dex-5}
 28688 | Vaults:1 | Identified the amulet of the Immovable Teeth {Faith Int+4}
 28694 | Vaults:1 | Identified the +4 sling "Pej Kar" {speed, Str+3 Int-2 Dex+4
                  | Stlth+}
 28694 | Vaults:1 | Identified the +3 short sword "Curolaqu" {heavy, Int+3}
 29102 | Vaults:1 | Identified the +10 chain mail of the Kangaroo {rElec rF+
                  | Regen+ Dex+3}
 29698 | Vaults:1 | Reached XP level 19. HP: 164/166 MP: 25/25
 29794 | Vaults:2 | Received a gift from Okawaru
 30339 | Vaults:2 | Received a gift from Okawaru
 30457 | Vaults:2 | You fall into a shaft and drop 1 floor!
 30457 | Vaults:3 | Found Usor's General Store.
 30490 | Vaults:3 | Reached skill level 11 in Armour
 30696 | Vaults:2 | Found a staircase to the Crypt.
 30696 | Vaults:2 | Found an ancient bone altar of Kikubaaqudgha.
 30697 | Vaults:2 | Found a basalt altar of Yredelemnul.
 30818 | Vaults:2 | Found Xiogos's Antique Weapon Emporium.
 30938 | Vaults:2 | Received a gift from Okawaru
 31493 | Vaults:3 | Received a gift from Okawaru
 31564 | Vaults:3 | Reached XP level 20. HP: 167/176 MP: 27/27
 31752 | Vaults:3 | Reached skill level 12 in Armour
 31940 | Vaults:3 | Bought a potion of magic for 136 gold pieces
 31940 | Vaults:3 | Bought a scroll of enchant armour for 127 gold pieces
 31940 | Vaults:3 | Bought a potion of heal wounds for 85 gold pieces
 32325 | Vaults:3 | Reached skill level 10 in Invocations
 32336 | Vaults:3 | Received a gift from Okawaru
 32885 | Vaults:4 | Identified the +2 robe "Xuqecr Nusk" {rC- Dex+5}
 32989 | Vaults:4 | Noticed Saint Roka
 33227 | Vaults:4 | Reached skill level 15 in Evocations
 33230 | Vaults:4 | Received a gift from Okawaru
 33253 | Vaults:4 | Identified the +4 ring mail of Gociut {rN+}
 33313 | Vaults:4 | Reached skill level 13 in Armour
 33362 | Vaults:4 | Identified the orb of Gis Zonk {*channel, Rampage Str-5
                  | Summ Tloc}
 33362 | Vaults:4 | Noticed Frederick
 33371 | Vaults:4 | Killed Frederick
 33445 | Vaults:4 | Received a gift from Okawaru
 33539 | Vaults:4 | Killed Saint Roka
 33584 | Vaults:4 | Reached XP level 21. HP: 180/183 MP: 29/29
 34074 | Depths:1 | Entered Level 1 of the Depths
 34199 | Depths:1 | Reached skill level 14 in Armour
 34209 | Depths:1 | Noticed Mara
 34211 | Depths:1 | Noticed Wizard1ke's illusion
 34224 | Depths:1 | Killed Mara
 34264 | Depths:1 | Identified the +0 pair of gloves of the True Pharaoh
                  | {Dex+2}
 34264 | Depths:1 | Noticed Nikola
 34274 | Depths:1 | Killed Nikola
 34404 | Depths:1 | Found the +0 pair of gloves of the gadgeteer {Gadgeteer
                  | Wandboost ^Fragile}
 34413 | Depths:1 | Found a gateway to Hell.
 34414 | Depths:1 | You fall into a shaft and drop 1 floor!
 34574 | Depths:1 | Found a one-way gateway to a ziggurat.
 34678 | Depths:1 | Noticed a golden dragon
 34701 | Depths:1 | Noticed a caustic shrike
 34701 | Depths:1 | Identified the staff "Iso Unapp" {rElec Dex+3 Conj}
 34701 | Depths:1 | Identified the amulet "Plog" {Faith rF+ Str+4 Dex-2}
 34702 | Depths:1 | Noticed a caustic shrike
 34708 | Depths:1 | Killed a golden dragon
 34712 | Depths:1 | Killed a caustic shrike
 34715 | Depths:1 | Killed a caustic shrike
 35114 | Depths:1 | Reached skill level 15 in Armour
 35210 | Depths:2 | Found a corrupted altar of Lugonu.
 35215 | Depths:2 | Found a one-way gate to the infinite horrors of the Abyss.
 35425 | Depths:2 | Received a gift from Okawaru
 35722 | Depths:2 | Noticed a juggernaut
 35733 | Depths:2 | Killed a juggernaut
 35764 | Depths:2 | Received a gift from Okawaru
 35787 | Depths:2 | Reached XP level 22. HP: 138/190 MP: 32/32
 36032 | Depths:2 | Reached skill level 16 in Armour
 36151 | Depths:2 | Received a gift from Okawaru
 36295 | Depths:2 | Noticed a golden dragon
 36310 | Depths:2 | Killed a golden dragon
 36310 | Depths:2 | Noticed a caustic shrike
 36320 | Depths:2 | Noticed a caustic shrike
 36323 | Depths:2 | Killed a caustic shrike
 36332 | Depths:2 | Killed a caustic shrike
 36686 | Depths:2 | Found a one-way gate leading to the halls of Pandemonium.
 36912 | Depths:3 | Noticed a golden dragon
 36912 | Depths:3 | Noticed a golden dragon
 36921 | Depths:3 | Reached skill level 17 in Armour
 36928 | Depths:2 | Killed a golden dragon
 36928 | Depths:2 | Received a gift from Okawaru
 36976 | Depths:2 | Acquired a manual of Armour
 36997 | Depths:2 | Killed a golden dragon
 37129 | Depths:3 | Found the +8 Wrath of Trog {antimagic, *Rage Rampage}
 37157 | Depths:3 | Got the Vademecum on the Warped Mob
 37193 | Depths:3 | Identified the ring "Sifiwifa" {Ice rElec rCorr Dex+2
                  | Slay+2}
 37193 | Depths:3 | Noticed Josephina
 37225 | Depths:3 | Killed Josephina
 37317 | Depths:3 | Reached skill level 18 in Armour
 37712 | Depths:3 | Found a white marble altar of Elyvilon.
 38121 | Depths:3 | Reached skill level 19 in Armour
 38262 | Depths:4 | Entered Level 4 of the Depths
 38350 | Depths:4 | Received a gift from Okawaru
 38679 | Depths:4 | Noticed a golden dragon
 38693 | Depths:4 | Killed a golden dragon
 38698 | Depths:4 | Reached skill level 20 in Armour
 38755 | Depths:4 | Found a gate to the Realm of Zot.
 39227 | Depths:4 | Reached XP level 23. HP: 178/196 MP: 33/33
 39385 | Depths:4 | Found Buveur's Book Shop.
 39385 | Depths:4 | Found Domocam's Jewellery Emporium.
 39386 | Depths:4 | Found Rinepn's Jewellery Emporium.
 39844 | Vaults:5 | Entered Level 5 of the Vaults
 39861 | Vaults:5 | Noticed a golden dragon
 39874 | Vaults:5 | Killed a golden dragon
 39928 | Vaults:5 | Reached skill level 21 in Armour
 39953 | Vaults:5 | Received a gift from Okawaru
 40012 | Vaults:5 | Noticed a golden dragon
 40019 | Vaults:5 | Killed a golden dragon
 40246 | Vaults:5 | Noticed a golden dragon
 40259 | Vaults:5 | Killed a golden dragon
 40344 | Vaults:5 | Identified the ring "Meugg" {rF- AC+4 Int+3 Dex+4}
 40367 | Vaults:5 | Reached skill level 22 in Armour
 40369 | Vaults:5 | Received a gift from Okawaru
 40593 | Vaults:5 | Noticed a golden dragon
 40611 | Vaults:5 | Killed a golden dragon
 40632 | Vaults:5 | Noticed a dread lich
 40710 | Vaults:5 | Noticed an ancient lich
 40722 | Vaults:5 | Killed an ancient lich
 41196 | Vaults:5 | Received a gift from Okawaru
 41426 | Vaults:5 | Reached skill level 23 in Armour
 41545 | Vaults:5 | Reached XP level 24. HP: 145/179 MP: 33/33
 41806 | Vaults:5 | Identified the +4 longbow "Piycyam" {drain, Int+6}
 42429 | Vaults:5 | Got a silver rune of Zot
 42949 | Zot:1    | Entered Level 1 of the Realm of Zot
 43000 | Zot:1    | Received a gift from Okawaru
 43367 | Zot:1    | Identified the +1 pair of boots of the Damp God {+Inv rCorr
                  | Dex+3}
 43487 | Zot:1    | Reached skill level 24 in Armour
 44083 | Zot:2    | Found a transporter.
 44166 | Zot:2    | Noticed a curse toe
 44175 | Zot:2    | Killed a curse toe
 44613 | Zot:2    | Found a transporter.
 44631 | Zot:2    | Found a runed translucent gate.
 44631 | Zot:2    | Found a runed translucent gate.
 44631 | Zot:2    | Found a runed translucent gate.
 44636 | Zot:2    | Noticed Wizard1ke's ghost (master CoGl)
 44964 | Zot:2    | Reached skill level 25 in Armour
 45440 | Zot:3    | Received a gift from Okawaru
 45493 | Zot:3    | Noticed an orb of fire
 45507 | Zot:3    | Killed an orb of fire
 45980 | Zot:3    | Reached XP level 25. HP: 111/205 MP: 33/33
 46323 | Zot:4    | Noticed Parghit
 46337 | Zot:4    | Killed Parghit
 46399 | Zot:4    | Reached skill level 26 in Armour
 47048 | Zot:5    | Entered Level 5 of the Realm of Zot
 47147 | Zot:5    | Identified the +7 rapier of the Foremost Friends {drain,
                  | *Slow ^Fragile Fly rF++}
 47612 | Zot:5    | Noticed an orb of fire
 47630 | Zot:5    | Killed an orb of fire
 47636 | Zot:5    | Noticed an orb of fire
 47639 | Zot:5    | Gained mutation: You are weak. (Str -2) [an orb of fire]
 47644 | Zot:5    | Noticed a Killer Klown
 47654 | Zot:5    | Killed an orb of fire
 47655 | Zot:5    | Noticed a dread lich
 47655 | Zot:5    | Noticed a Killer Klown
 47658 | Zot:5    | Killed a Killer Klown
 47658 | Zot:5    | Noticed a Killer Klown
 47669 | Zot:5    | Killed a dread lich
 47669 | Zot:5    | Received a gift from Okawaru
 47670 | Zot:5    | Reached skill level 27 in Armour
 47690 | Arena    | Entered the Arena
 47695 | Arena    | Killed a Killer Klown
 47719 | Zot:5    | Killed a Killer Klown
 47882 | Zot:5    | Noticed an orb of fire
 47884 | Zot:5    | Noticed an orb of fire
 47885 | Zot:5    | Noticed an orb of fire
 47937 | Zot:5    | Noticed an orb of fire
 47947 | Zot:5    | Gained mutation: You have a pair of small horns on your
                  | head. [an orb of fire]
 47956 | Zot:5    | Killed an orb of fire
 48065 | Zot:5    | Noticed an orb of fire
 48069 | Zot:5    | Gained mutation: You are covered in fur. (AC +1) [an orb of
                  | fire]
 48074 | Zot:5    | Gained mutation: You sometimes lose your temper in combat.
                  | [an orb of fire]
 48080 | Zot:5    | Killed an orb of fire
 48081 | Zot:5    | Lost mutation: You are covered in fur. (AC +1) [potion of
                  | mutation]
 48081 | Zot:5    | Lost mutation: You sometimes lose your temper in combat.
                  | [potion of mutation]
 48081 | Zot:5    | Lost mutation: You have a pair of small horns on your head.
                  | [potion of mutation]
 48081 | Zot:5    | Gained mutation: Potions are less effective at restoring
                  | your health. [potion of mutation]
 48081 | Zot:5    | Gained mutation: You have a pair of small antennae on your
                  | head. [potion of mutation]
 48082 | Zot:5    | Lost mutation: You have a pair of small antennae on your
                  | head. [potion of mutation]
 48082 | Zot:5    | Lost mutation: Potions are less effective at restoring your
                  | health. [potion of mutation]
 48082 | Zot:5    | Gained mutation: You have a pair of small horns on your
                  | head. [potion of mutation]
 48082 | Zot:5    | Gained mutation: You passively dampen the noise of your
                  | surroundings. [potion of mutation]
 48123 | Zot:5    | Killed an orb of fire
 48129 | Zot:5    | Gained mutation: You sometimes lose your temper in combat.
                  | [an orb of fire]
 48131 | Zot:5    | Gained mutation: Your health recovers twice as slowly from
                  | being drained. [an orb of fire]
 48137 | Zot:5    | Killed an orb of fire
 48137 | Zot:5    | Gained mutation: You are clumsy. (Dex -2) [an orb of fire]
 48185 | Zot:5    | Lost mutation: You are weak. (Str -2) [potion of mutation]
 48185 | Zot:5    | Lost mutation: You are clumsy. (Dex -2) [potion of
                  | mutation]
 48185 | Zot:5    | Gained mutation: You are partially covered in iridescent
                  | scales. (AC +2) [potion of mutation]
 48185 | Zot:5    | Gained mutation: You expend magic power (3 MP) to
                  | strengthen your wands. [potion of mutation]
 48185 | Zot:5    | Gained mutation: Your flesh is cold resistant. (rC+)
                  | [potion of mutation]
 48186 | Zot:5    | Lost mutation: Your health recovers twice as slowly from
                  | being drained. [potion of mutation]
 48186 | Zot:5    | Lost mutation: You passively dampen the noise of your
                  | surroundings. [potion of mutation]
 48186 | Zot:5    | Lost mutation: You have a pair of small horns on your head.
                  | [potion of mutation]
 48186 | Zot:5    | Gained mutation: Your magical capacity is low. (-10% MP)
                  | [potion of mutation]
 48186 | Zot:5    | Gained mutation: You are agile. (Dex +4, Str/Int -1)
                  | [potion of mutation]
 48187 | Zot:5    | Lost mutation: You expend magic power (3 MP) to strengthen
                  | your wands. [potion of mutation]
 48187 | Zot:5    | Lost mutation: You are agile. (Dex +4, Str/Int -1) [potion
                  | of mutation]
 48187 | Zot:5    | Gained mutation: Your muscles are strong. (Str +4, Int/Dex
                  | -1) [potion of mutation]
 48187 | Zot:5    | Gained mutation: Armour fits poorly on your strangely
                  | shaped body. [potion of mutation]
 48187 | Zot:5    | Gained mutation: Your flesh is heat resistant. (rF+)
                  | [potion of mutation]
 48188 | Zot:5    | Lost mutation: Your flesh is heat resistant. (rF+) [potion
                  | of mutation]
 48188 | Zot:5    | Lost mutation: Your magical capacity is low. (-10% MP)
                  | [potion of mutation]
 48188 | Zot:5    | Lost mutation: Your flesh is cold resistant. (rC+) [potion
                  | of mutation]
 48188 | Zot:5    | Gained mutation: You are agile. (Dex +4, Str/Int -1)
                  | [potion of mutation]
 48188 | Zot:5    | Gained mutation: You are frail. (-10% HP) [potion of
                  | mutation]
 48188 | Zot:5    | Gained mutation: You are very agile. (Dex +8, Str/Int -2)
                  | [potion of mutation]
 48189 | Zot:5    | Lost mutation: You are very agile. (Dex +8, Str/Int -2)
                  | [potion of mutation]
 48189 | Zot:5    | Lost mutation: Armour fits poorly on your strangely shaped
                  | body. [potion of mutation]
 48189 | Zot:5    | Gained mutation: Your mind is acute. (Int +4, Str/Dex -1)
                  | [potion of mutation]
 48189 | Zot:5    | Lost mutation: Your mind is acute. (Int +4, Str/Dex -1)
                  | [potion of mutation]
 48189 | Zot:5    | Gained mutation: You are mostly covered in iridescent
                  | scales. (AC +4) [potion of mutation]
 48715 | D:4      | Bought a potion of ambrosia for 80 gold pieces
 48715 | D:4      | Bought a potion of lignification for 30 gold pieces
 48715 | D:4      | Bought a potion of curing for 30 gold pieces
 48715 | D:4      | Bought a potion of ambrosia for 80 gold pieces
 48715 | D:4      | Bought a potion of curing for 30 gold pieces
 48715 | D:4      | Bought a potion of curing for 30 gold pieces
 48715 | D:4      | Bought 2 potions of mutation for 160 gold pieces
 48715 | D:4      | Lost mutation: You are frail. (-10% HP) [potion of
                  | mutation]
 48715 | D:4      | Lost mutation: You are mostly covered in iridescent scales.
                  | (AC +4) [potion of mutation]
 48715 | D:4      | Gained mutation: You have a pair of small horns on your
                  | head. [potion of mutation]
 49248 | Zot:5    | Gained mutation: Your spells are a little easier to cast,
                  | but a little less powerful. [an orb of fire]
 49249 | Zot:5    | Noticed a Killer Klown
 49258 | Zot:5    | Gained mutation: A frigid envelope surrounds you and
                  | freezes all who hurt you. [an orb of fire]
 49261 | Zot:5    | Killed an orb of fire
 49266 | Zot:5    | Killed a Killer Klown
 49398 | Zot:5    | Reached XP level 26. HP: 188/222 MP: 33/33
 49557 | Zot:5    | Lost mutation: Your muscles are strong. (Str +4, Int/Dex
                  | -1) [potion of mutation]
 49557 | Zot:5    | Lost mutation: You have a pair of small horns on your head.
                  | [potion of mutation]
 49557 | Zot:5    | Lost mutation: You are agile. (Dex +4, Str/Int -1) [potion
                  | of mutation]
 49557 | Zot:5    | Gained mutation: Your body sometimes deteriorates upon
                  | taking damage. [potion of mutation]
 49557 | Zot:5    | Lost mutation: Your spells are a little easier to cast, but
                  | a little less powerful. [potion of mutation]
 49557 | Zot:5    | Gained mutation: Your mind is acute. (Int +4, Str/Dex -1)
                  | [potion of mutation]
 49570 | Zot:5    | Got the Orb of Zot
 49579 | Zot:5    | Noticed an orb of fire
 49588 | Zot:5    | Gained mutation: You are clumsy. (Dex -2) [an orb of fire]
 49589 | Zot:5    | Gained mutation: You have hidden genetic defects. [an orb
                  | of fire]
 49596 | Zot:5    | Gained mutation: You occasionally lose the ability to drink
                  | potions when taking damage. [an orb of fire]
 49607 | Zot:5    | Killed an orb of fire
 49621 | Zot:5    | Noticed Petzudom the pandemonium lord
 50287 | D:$      | Escaped with the Orb!

Illustrated notes

Levels and vault maps discovered:
D:1:      lightli_arrival_statuegarden, layout_basic, nicolae_grassy_gnolls
D:2:      layout_basic
D:3:      layout_basic, grunt_temple_overflow_cloverleaf, serial_shops,
          nicolae_shop_industrial_runoff
D:4:      layout_cave_pools, lemuel_coloured_pillars_altar, serial_shops, shop,
          shop, shop_fountains, shop, nicolae_stop_n_shop_2
D:5:      gammafunk_wand_slinger, layout_basic, minmay_temple_entry_large_hall,
          minmay_shop_enchanted_jewellery
D:6:      layout_basic, uniq_edmund
D:7:      layout_loops_ring, nicolae_nh_ransacked_shop
D:8:      layout_loops_ring
D:9:      layout_stronghold, david_lair_generic, serial_shops, shop,
          enter_bailey_2, uniq_harold
D:10:     layout_basic, regret_index_xom_buried_treasure, minitemple,
          minmay_orc_entry_temple_small
D:11:     layout_roguey, gammafunk_ghost_split, lemuel_blue_sif_altar
D:12:     layout_basic, serial_shops, shop, chequers_serial_rivers_micro_b,
          yredelemnul_altar_generic
D:13:     layout_big_octagon, david_vaults_1, billiards_dpeg
D:14:     layout_irregular_city, abandoned_shop, serial_glass, glass_columns_a,
          glass_columns_b
D:15:     gammafunk_enter_depths_forms, layout_basic, minmay_door_square,
          grunt_ministairs_1
Temple:   nicolae_temple_bog_church
Lair:1:   layout_loops_ring, uniq_gastronok
Lair:2:   layout_chaotic_city, basic_altar, nzn_random_ring, grunt_megastairs_3,
          infiniplex_staircase_pool
Lair:3:   layout_regular_city, nicolae_swamp_entry_splash_gauntlet,
          spider_nest_entry_rubble, tgw_fedhas, infiniplex_staircase_pool_2
Lair:4:   layout_hall_layers, small_statue_intersection, st_stairs_12,
          uniq_rupert
Lair:5:   grunt_lair_end_beastmaster, layout_gridlike, slime_entry_1,
          chequers_serial_rivers_micro_d, minmay_lair_oklob_bushes,
          grunt_megastairs_1
Swamp:1:  layout_basic_swamp, hangedman_swamp_pad
Swamp:2:  layout_basic_swamp, gammafunk_ghost_berserking_beasts,
          evilmike_swamp_ruin_house_5
Swamp:3:  layout_basic_swamp, nicolae_swamp_tree_isthmus
Swamp:4:  swamp_alternative, layout_basic_swamp, swamp_pool_5
Spider:1: layout_cave_pods
Spider:2: layout_spider_delve, einodemon_crawler_minivault
Spider:3: layout_chambers, nicolae_spider_not_touching_you, uniq_arachne
Spider:4: grunt_spider_rune_circles, nicolae_spider_eight_legs
Vaults:1: hangedman_vaults_hat, nicolae_vaults_specimen_jars, v_misc_25,
          nicolae_vaults_storing_the_good_stuff, vaults_mumra_hexcomb,
          nicolae_vaults_taking_the_gang_shopping, vaults_standard_mumra_x,
          nicolae_vaults_closet_pinwheel_5, grunt_vaults_focal,
          nicolae_vaults_surprise_closet, layout_vaults_omnigrid
Vaults:2: nicolae_vaults_little_squares_6, v_misc_3,
          nicolae_vaults_inception_scallops, nicolae_vaults_storage_closets_1,
          nicolae_vaults_spaceships, hangedman_vaults_trim,
          minmay_crypt_entry_necro_gods, v_misc_27, grunt_vaults_bifocal,
          nicolae_vaults_house_2, nicolae_vaults_more_shelving_2,
          special_room_vaults [special_room_orc], nicolae_vaults_apartment_1,
          vaults_dpeg_hooks, layout_vaults_omnibox, serial_shops, shop
Vaults:3: hangedman_vaults_river_flow, vaults_room_fancy_cross, v_alt_pattern_1,
          nicolae_vaults_whirlpool_walls, nicolae_vaults_rhombus_6,
          vaults_room_corners, grunt_vaults_twisty, hangedman_vaults_variations,
          nicolae_vaults_house_1, hangedman_vaults_pinch,
          hangedman_vaults_cutoff, layout_vaults_omnicross, serial_shops, shop
Vaults:4: vaults_dpeg_cross, ontoclasm_vaults_loading_screen,
          vaults_room_corners, ontoclasm_vaults_eye, v_rooms_2,
          nicolae_vaults_diffraction_hallways, nicolae_vaults_closet_pinwheel_6,
          hangedman_vaults_corner_blocks, v_rooms_4, nicolae_vaults_heist,
          ontoclasm_vaults_idyll, ontoclasm_vaults_decontamination,
          vaults_dpeg_diagonal, nicolae_vaults_angled_halls, layout_vaults_ring,
          uniq_saint_roka, uniq_frederick
Vaults:5
Depths:1: layout_roguey, enter_ziggurat_e, minmay_misc_feat_square,
          lightli_too_deep, minmay_checkered_concentric_circles,
          hangedman_decor_cross_pass, uniq_mara, uniq_nikola
Depths:2: lemuel_castle_with_subvaults [lemuel_castle_interior_original],
          layout_gridlike, rand_demon_pan_entry_9, hangedman_geh_valley,
          grunt_decor_one_mirror, abyss_entry_flame_altar,
          infiniplex_staircase_diamond
Depths:3: minmay_ambush_box, layout_gridlike, elyvilon_altar_5, pf_coc_iceberg,
          minmay_room_of_horrors, infiniplex_staircase_river, uniq_josephina
Depths:4: evilmike_zot_entry_basic, layout_gridlike, hangedman_decor_riveting,
          hell_entry, minmay_shop_grove, kennysheep_random_hallway
Zot:1:    minmay_elemental_castle, layout_twisted_circle
Zot:2:    gammafunk_its_a_trap, layout_gridville, gammafunk_ghost_necromancy
Zot:3:    layout_misc_corridors
Zot:4:    layout_onion_interference, uniq_parghit
Zot:5:    layout_gridlike

Skill      XL: |  1  2  3  4  5  6  7  8  9 10 11 12 13 14 15 16 17 18 19 20 21 22 23 24 25 26 |
---------------+-------------------------------------------------------------------------------+-----
Fighting       | 4 5 6 7 8 9 10 11 12 13 15 16 19 20 21 22 | 22.2
Long Blades    | 4 5 6 7 8 10 11 12 13 15 16 | 16.6
Invocations    | 2 3 5 6 8 9 11 13 14 | 14.0
Evocations     | 5 8 11 13 15 | 15.0
Dodging        | 4 6 7 9 10 | 10.0
Armour         | 4 6 8 9 10 11 13 15 20 23 25 27 | 27.0
Throwing       | 10 12 | 12.0

Action                     |  1- 3 |  4- 6 |  7- 9 | 10-12 | 13-15 | 16-18 | 19-21 | 22-24 | 25-27 || total
---------------------------+-------+-------+-------+-------+-------+-------+-------+-------+-------++-------
  Melee: Falchion          |    56 |    14 |       |       |       |       |       |       |       ||    70
         Dagger            |    25 |   110 |   103 |       |       |       |       |       |       ||   238
         Long sword        |       |   105 |   167 |   101 |       |       |       |       |       ||   373
         Double sword      |       |       |    66 |   262 |   553 |   841 |   914 |  1146 |   473 ||  4255
         Demon blade       |       |       |       |   160 |   558 |   840 |   927 |  1131 |   480 ||  4096
         Headbutt          |       |       |       |       |       |       |       |       |    35 ||    35
  Throw: Boomerang         |       |       |       |       |       |    22 |       |       |    16 ||    38
 Invoke: Heroism           |       |       |     1 |     9 |    13 |    23 |    17 |    19 |    10 ||    92
         Finesse           |       |       |       |     2 |     7 |     7 |     8 |    12 |     6 ||    42
         Receive Weapon    |       |       |       |     1 |       |       |       |       |       ||     1
         Duel              |       |       |       |       |       |       |       |       |     1 ||     1
Ability: Invent Gizmo      |       |       |       |       |     1 |       |       |       |       ||     1
  Evoke: Wand              |       |       |     1 |       |     5 |       |     2 |     1 |     2 ||    11
         Lightning rod     |       |       |       |       |       |     3 |       |       |       ||     3
    Use: Scroll            |       |       |    10 |       |    11 |    18 |     1 |    21 |     9 ||    70
         Potion            |       |       |     1 |       |     2 |    12 |       |     2 |    26 ||    43
   Stab: Sleeping          |     2 |       |     1 |       |       |       |       |       |       ||     3
         Distracted        |       |     1 |       |       |       |       |     1 |       |       ||     2
         Paralysed         |       |       |     6 |       |       |       |       |       |       ||     6
 Armour: Robe              |     3 |       |       |       |       |       |       |       |       ||     3
         Leather armour    |    38 |    15 |       |       |       |       |       |       |       ||    53
         Ring mail         |       |    48 |   167 |    50 |       |       |       |       |       ||   265
         Scale mail        |       |       |       |   143 |   477 |   840 |       |       |       ||  1460
         Chain mail        |       |       |       |       |       |     9 |   641 |   153 |       ||   803
         Gold dragon scale |       |       |       |       |       |       |       |  1156 |   519 ||  1675
  Dodge: Dodged            |    39 |    80 |    92 |   163 |   410 |   783 |   437 |   391 |   120 ||  2515

Table legend: (Time is in decaauts)
 A = Elapsed time spent in this place.
 B = Non-inter-level travel time spent in this place.
 C = Inter-level travel time spent in this place.
 D = Time resting spent in this place.
 E = Time spent auto-exploring this place.
 F = Levels seen in this place.
 G = Mean time per level.
                   A        B        C        D        E       F      G
               +--------+--------+--------+--------+--------+-----+--------+
         Total |  48887 |  44118 |   4769 |   4354 |  29556 |  45 | 1086.4 |
       Dungeon |  14530 |  12458 |   2072 |   1181 |   8789 |  15 |  968.7 |
        Temple |     45 |      3 |     42 |      0 |      0 |   1 |   45.0 |
          Lair |   5635 |   5248 |    387 |    122 |   4351 |   5 | 1127.0 |
         Swamp |   3544 |   3396 |    148 |    455 |   2172 |   4 |  886.0 |
   Spider Nest |   4661 |   4420 |    241 |    535 |   2920 |   4 | 1165.2 |
        Vaults |   8463 |   7830 |    633 |    776 |   4538 |   5 | 1692.6 |
        Depths |   5832 |   5029 |    803 |    189 |   3691 |   4 | 1458.0 |
           Zot |   5602 |   5162 |    440 |    933 |   2833 |   5 | 1120.4 |
        Bailey |    550 |    550 |      0 |    149 |    260 |   1 |  550.0 |
         Arena |     21 |     21 |      0 |     11 |      0 |   1 |   21.0 |
               +--------+--------+--------+--------+--------+-----+--------+

Top non-repeatable levels by time:
Vaults:5: 2492 daAuts
Depths:2: 2045 daAuts
Vaults:1: 1677 daAuts
  Lair:5: 1643 daAuts
Vaults:2: 1606 daAuts
Depths:4: 1590 daAuts
   Zot:2: 1573 daAuts
     D:9: 1525 daAuts
Vaults:3: 1511 daAuts
   Zot:5: 1422 daAuts
Spider:3: 1420 daAuts
     D:8: 1302 daAuts
  Lair:3: 1246 daAuts
Depths:3: 1217 daAuts
    D:10: 1209 daAuts
